Map: Kairos Junction LE

Players

PartinG - Winner!

  • Race: Protoss Protoss
  • League: Master
  • Spawn Location: 5:00

llllllllllll (Trap)

  • Race: Protoss Protoss
  • League: Master
  • Spawn Location: 11:00

Event: IEM Season 13 - Katowice Server Qualifiers Asia 2

VOD

Have the link to the VOD?

Description

Time

  • Played on: Jan. 22, 2019, 4:53 a.m.
  • Length: 15:20

All games in this series

Show
View Real Time Build Order
Export as new Build Order

PartinG Protoss - Winner!

Build Orders: Oracle Opening 

Get SALT Encoding   

  12  0:00  Probe  
  13  0:12  Probe  
  14  0:16  Pylon  
  14  0:24  Probe  
  15  0:32  Probe  
  15  0:36  Gateway  
  15  0:40  Probe  
  16  0:46  Assimilator  
  17  0:51  Probe  
  17  0:54  Assimilator  
  18  0:59  Probe  
  19  1:07  Probe, Gateway  
  20  1:17  Probe  
  20  1:24  Cybernetics Core  
  21  1:29  Probe  
  22  1:36  Pylon  
  23  2:01  Stargate, Adept x2  
  22  2:06  Warp Gate  
  26  2:09  Probe  
  27  2:23  Probe  
  30  2:37  Oracle  
  30  2:48  Pylon  
  30  2:51  Pylon  
  31  2:56  Shield Battery  
  31  3:06  Stalker x2  
  38  3:22  Shield Battery  
  35  3:35  Robotics Facility, Gateway  
  35  3:41  Shield Battery  
  35  4:01  Probe  
  34  4:08  Sentry, Stalker  
  38  4:13  Warp Prism  
  36  4:24  Pylon  
  38  4:28  Pylon  
  38  4:32  Probe  
  38  4:36  Robotics Bay  
  39  4:42  Stalker x2, Pylon  
  43  4:54  Observer  
  44  5:12  Disruptor  
  44  5:14  Nexus  
  44  5:24  Stalker  
  49  5:30  Stalker  
  51  5:39  Stalker  
  51  5:42  Probe  
  54  5:53  Pylon  
  54  5:55  Probe  
  55  5:59  Disruptor  
  58  6:07  Probe  
  58  6:10  Stalker  
  61  6:16  Adept  
  63  6:23  Adept  
  65  6:30  Probe x2  
  67  6:38  Adept x2  
  65  6:57  Disruptor  
  65  6:59  Adept x3  
  67  7:08  Probe x2  
  67  7:19  Zealot, Stalker  
  67  7:20  Zealot  
  71  7:28  Probe x2  
  71  7:34  Warp Prism  
  69  7:40  Probe x2  
  66  7:58  Stalker x3  
  72  8:01  Probe x2  
  72  8:02  Assimilator  
  72  8:05  Assimilator  
  74  8:06  Twilight Council  
  74  8:11  Pylon  
  74  8:13  Pylon  
  74  8:18  Blink  
  73  8:29  Stalker x3  
  73  8:33  Probe x2  
  81  8:55  Disruptor  
  81  8:57  Probe x2  
  81  9:09  Nexus  
  84  9:14  Stalker x2  
  88  9:19  Pylon  
  88  9:24  Stalker  
  88  9:28  Probe  
  91  9:34  Disruptor  
  90  9:47  Stalker x3  
  96  9:54  Shield Battery  
  96  9:56  Shield Battery  
  96  10:03  Probe x2  
  98  10:07  Gateway  
  98  10:10  Observer  
  99  10:15  Stalker  
  99  10:16  Stalker  
  99  10:21  Stalker  
  105  10:25  Probe x2  
  101  10:40  Stalker x2  
  103  10:48  Stalker  
  105  10:54  Warp Prism  
  105  11:03  Stalker x3  
  111  11:21  Stalker  
  113  11:28  Disruptor  
  98  11:48  Stalker x4  
  105  11:54  Probe x3  
  105  11:55  Disruptor  
  107  12:04  Gateway  
  107  12:06  Gateway, Probe  
  86  12:24  Stalker x4  
  86  12:25  Disruptor  
  91  12:45  Probe x3  
  91  12:48  Assimilator, Stalker x2  
  91  12:49  Assimilator, Stalker x2  
  91  12:50  Dark Shrine  
  102  12:51  Disruptor  
  102  13:03  Observer  
  104  13:05  Zealot x2  
  107  13:21  Stalker x4  
  107  13:26  Stalker  
  117  13:29  Probe x2  
  117  13:33  Stalker  
  121  13:45  Stalker x2  
  125  13:49  Pylon  
  125  13:50  Pylon  
  125  14:06  Disruptor  
  126  14:12  Stalker x5  
  136  14:19  Dark Templar  
  133  14:34  Dark Templar  
  133  14:35  Dark Templar  
  133  14:36  Zealot x2  
  140  14:43  Observer  
  116  14:53  Dark Templar  
  116  15:04  Stalker x4  
Show
View Real Time Build Order
Export as new Build Order

llllllllllll Protoss 

Build Orders:  

Get SALT Encoding   

  12  0:00  Probe  
  13  0:12  Probe  
  14  0:19  Pylon  
  14  0:24  Probe  
  15  0:33  Probe  
  15  0:39  Gateway  
  15  0:41  Probe  
  17  0:51  Probe  
  17  0:54  Assimilator  
  18  0:58  Assimilator  
  18  0:59  Probe  
  19  1:07  Probe  
  19  1:08  Gateway  
  20  1:17  Probe  
  21  1:26  Cybernetics Core  
  21  1:29  Probe  
  22  1:33  Pylon  
  22  1:42  Probe  
  23  1:53  Warp Gate  
  23  1:54  Probe  
  24  2:02  Stalker x2  
  28  2:11  Pylon  
  28  2:32  Stalker x2  
  28  2:34  Gateway  
  32  2:46  Robotics Facility  
  32  3:00  Shield Battery  
  32  3:04  Shield Battery  
  32  3:08  Stalker  
  34  3:15  Stalker  
  36  3:26  Probe  
  37  3:28  Shield Battery  
  36  3:39  Probe  
  31  3:51  Probe  
  31  3:53  Warp Prism  
  34  4:02  Stalker  
  36  4:03  Stalker  
  36  4:04  Pylon  
  36  4:05  Probe  
  39  4:19  Probe  
  40  4:27  Probe  
  40  4:30  Pylon  
  40  4:37  Probe  
  41  4:44  Immortal  
  42  4:49  Probe  
  47  5:12  Nexus  
  46  5:17  Observer  
  46  5:19  Sentry  
  46  5:20  Sentry  
  50  5:23  Sentry  
  53  5:31  Pylon  
  53  5:32  Probe  
  54  5:45  Probe, Twilight Council  
  55  5:59  Probe  
  56  6:05  Immortal  
  56  6:11  Probe  
  61  6:14  Pylon  
  61  6:23  Probe  
  62  6:26  Probe  
  63  6:33  Stargate  
  63  6:34  Probe  
  63  6:35  Probe  
  65  6:41  Immortal  
  65  6:42  Probe  
  62  6:47  Probe  
  63  6:59  Probe x2  
  57  7:08  Stalker x3  
  57  7:09  Phoenix  
  63  7:19  Probe x2  
  65  7:34  Stalker x2  
  65  7:37  Probe x2  
  71  7:41  Observer  
  71  7:44  Assimilator x2, Phoenix  
  67  7:59  Probe  
  67  8:00  Probe  
  67  8:01  Phoenix  
  69  8:08  Charge  
  69  8:09  Nexus  
  71  8:15  Gateway  
  71  8:16  Gateway  
  71  8:28  Stalker  
  71  8:29  Phoenix, Zealot  
  71  8:32  Zealot  
  79  8:46  Pylon  
  79  8:47  Pylon  
  79  8:52  Phoenix  
  81  9:03  Templar Archives, Pylon  
  81  9:11  Sentry, Zealot  
  81  9:12  Zealot  
  81  9:15  Probe  
  81  9:16  Probe  
  89  9:22  Phoenix  
  91  9:28  Probe x2  
  92  9:43  Probe x2  
  92  9:46  Probe  
  92  9:50  Immortal  
  92  9:51  Probe x2  
  92  9:52  Pylon  
  99  9:58  Probe  
  102  10:01  Probe x2  
  102  10:02  High Templar  
  102  10:03  High Templar  
  108  10:08  Archon, Phoenix  
  108  10:11  Probe  
  108  10:13  Pylon  
  111  10:15  Zealot x2  
  115  10:21  Immortal  
  115  10:23  Pylon  
  115  10:33  Gateway  
  119  10:37  Gateway  
  119  10:41  Zealot x2  
  119  10:42  High Templar  
  125  10:43  High Templar  
  125  10:46  Pylon  
  125  10:47  Archon  
  125  10:49  Zealot  
  124  11:00  Immortal  
  128  11:04  Zealot x2  
  128  11:07  Forge  
  132  11:17  Zealot x3  
  136  11:23  Protoss Ground Weapons Level 1  
  136  11:28  Phoenix  
  136  11:30  Immortal  
  130  11:37  Zealot x4  
  130  11:38  Zealot  
  110  11:47  High Templar x2  
  110  11:49  Assimilator  
  110  11:50  Assimilator  
  110  11:51  Archon  
  112  11:55  Phoenix  
  108  12:01  Zealot x4  
  115  12:09  Immortal  
  93  12:16  Zealot  
  93  12:18  Phoenix  
  93  12:22  Zealot x4  
  99  12:34  Zealot x2  
  99  12:41  Immortal  
  93  12:45  High Templar x2  
  93  12:46  Zealot x3  
  103  12:52  Archon  
  107  12:58  High Templar x2  
  107  13:00  Probe x3  
  107  13:02  Archon  
  114  13:06  Phoenix, Zealot x2  
  114  13:10  Zealot  
  120  13:13  Immortal  
  114  13:29  Phoenix  
  116  13:40  Zealot x3  
  122  13:41  Zealot  
  123  13:49  Observer  
  123  13:51  High Templar x2  
  123  13:52  Zealot  
  123  13:54  Phoenix  
  129  13:55  Archon, Pylon  
  126  14:08  Immortal  
  118  14:12  Zealot x3  
  118  14:24  Zealot x4  
  118  14:28  Phoenix  
  128  14:36  Stargate  
  113  14:46  High Templar x2  
  113  14:47  Zealot x4  
  113  14:48  Observer  
  113  14:51  Archon  
  101  14:57  Zealot  
  82  15:08  Zealot x4  

Tags
 
Add a new tag
Caveats
  • Supply blocks, unpowered buildings, or Contaminate may cause inaccurate times.
  • Supply counts are checked every 10 seconds.